 Dungeon Crawl Stone Soup version 0.25-a0-1024-gbfbf38f2cb (webtiles) character file.

Game seed: 840205537989524371, levelgen mode: deterministic

1824 Flugslaktarn the Chopper (level 8, -3/64 HPs)
             Began as a Mummy Fighter on May 12, 2020.
             Was an Initiate of Gozag.
             Slain by a centaur warrior
             ... wielding a +0 hand axe
              (12 damage)
             ... on level 7 of the Dungeon.
             The game lasted 00:05:29 (7988 turns).

Flugslaktarn the Chopper (Mummy Fighter)            Turns: 7988, Time: 00:05:30

Health: -3/64      AC: 13    Str: 21    XL:     8   Next: 86%
Magic:  8/8        EV:  5    Int:  7    God:    Gozag
Gold:   285        SH: 10    Dex: 12    Spells: 7/7 levels left

rFire    . . .     SeeInvis .   a - +0 war axe
rCold    + + .     Gourm    .   c - +0 kite shield
rNeg     + + +     Faith    .   m - +0 plate armour
rPois    ∞         Spirit   .   (no helmet)
rElec    .         Reflect  .   b - scarf {rC+ rF+}
rCorr    .         Harm     .   (no gloves)
MR       +....                  d - +0 pair of boots
Stlth    ..........             (no amulet)
HPRegen  0.20/turn              v - +1 ring of evasion
MPRegen  0.11/turn              (no ring)

@: gold aura
A: no food or potions, fire vulnerability, cold resistance 1, negative energy
resistance 3, torment resistance, unbreathing
a: Potion Petition, Call Merchant, Bribe Branch, Renounce Religion


You were on level 7 of the Dungeon.
You worshipped Gozag.
Gozag was aware of your devotion.
You were not hungry.

You visited 2 branches of the dungeon, and saw 9 of its levels.

You collected 651 gold pieces.
You paid 366 gold pieces to Gozag.

Inventory:

Hand Weapons
 a - a +0 war axe (weapon)
Missiles
 i - a throwing net (quivered)
Armour
 b - a scarf of resistance (worn)
   (You found it on level 7 of the Dungeon)
 c - a +0 kite shield (worn)
 d - a +0 pair of boots (worn)
   (You found it on level 1 of the Dungeon)
 m - a +0 plate armour (worn)
   (You took it off an orc warrior on level 6 of the Dungeon)
Jewellery
 v - a +1 ring of evasion (left hand)
   (You found it on level 7 of the Dungeon)
Scrolls
 e - a scroll of immolation
 f - 4 scrolls of enchant armour
 g - 2 scrolls of fog
 j - a scroll of silence
 r - 2 scrolls of identify
 t - 6 scrolls of teleportation
 x - 5 scrolls of remove curse
 z - a scroll of blinking


   Skills:
 + Level 5.9 Fighting
 * Level 6.2 Axes
 + Level 4.9 Armour
 + Level 4.9 Shields


You had 7 spell levels left.
You didn't know any spells.
Your spell library was empty.

Dungeon Overview and Level Annotations

Branches:
Dungeon (8/15)             Temple (1/1) D:4
   Lair: D:8-11

Altars:
Ashenzari
Cheibriados
Dithmenos
Fedhas
Gozag
Kikubaaqudgha
Makhleb
Nemelex Xobeh
Qazlal
Sif Muna
Trog
Uskayaw
Vehumet
Wu Jian
Xom
Yredelemnul
Zin
The Shining One

Shops:
D:6 [

Annotations:
D:4 1 runed translucent door, Flugslaktarn's ghost, amateur DDFi
D:5 2 runed translucent doors, Amnesiac's ghost, novice DEIE
D:6 exclusions: 2 goblins and statue


Innate Abilities, Weirdness & Mutations

You do not eat or drink.
Your flesh is vulnerable to fire.
You are immune to poison.
Your flesh is cold resistant. (rC+)
You are immune to negative energy. (rN+++)
You are immune to unholy pain and torment.
You can survive without breathing.


Message History

The centaur warrior hits you but does no damage. x2
You hit the centaur warrior.
The centaur warrior is heavily wounded.
The centaur warrior hits you with a +0 hand axe.
* * * LOW HITPOINT WARNING * * *
The centaur warrior becomes distracted by the nearby gold, dreaming of imaginary riches.
The centaur warrior shouts!
You slash the centaur warrior!
The centaur warrior is no longer distracted by gold.
The centaur warrior is heavily wounded.
You block the centaur warrior's attack.
You slash the centaur warrior!
The centaur warrior is severely wounded.
You block the centaur warrior's attack. x2
Your plate armour prevents you from hitting the centaur warrior.
The centaur warrior is severely wounded.
You block the centaur warrior's attack.
The centaur warrior hits you with a +0 hand axe!
You die...
Your body crumbles into a pile of gold.

..........[.##.#......#
#.#.##.#
........###[###.#.....#
#.#....# ....<.#.# #.#
###.....# #.#....#
.#.####.###.# #######
#.#....# .#.# #.>...#
#####......# .#.#
#####.######
#........### ...#
#.##...# #.#####..#
.###
#.##..c#####.#####..#
##
#.##..@..........(..#
.#
#.....$...##.#####.##
.# #.........##.#####.#
.#######
#.........##.......#
.......#
####...#############
#.####.## #...#
........# #...#
#.####..# #####
#.####..#


You could see a centaur warrior.

Vanquished Creatures
  Prince Ribbit (D:6)
  An ice beast (D:5)
  An orc warrior (D:6)
  2 ogres (D:7)
  A phantom (D:7)
  A bullfrog (D:7)
  A scorpion (D:6)
  3 killer bees
  A howler monkey (D:5)
  A crimson imp (D:6)
  A bullfrog zombie (D:7)
  2 orc priests
  3 hounds
  2 jellies
  A bullfrog skeleton (D:6)
  7 orc wizards
  2 iguanas
  2 worker ants (D:4)
  A howler monkey zombie (D:6)
  A worker ant zombie (D:5)
  8 gnolls
  8 adders
  2 oozes
  2 adder skeletons
  7 worms
  4 dart slugs (D:1)
  4 leopard geckos
  17 orcs
  6 giant cockroaches
  3 goblins
  3 hobgoblins (D:3)
  6 jackals
  2 quokkas
  2 ball pythons
  8 bats
  3 frilled lizards
  A jackal skeleton (D:8)
  11 kobolds
  A quokka skeleton (D:6)
  9 rats
142 creatures vanquished.

Vanquished Creatures (others)
  An ogre (D:6)
  A bullfrog (D:6)
  A howler monkey skeleton (D:6)
3 creatures vanquished.

Grand Total: 145 creatures vanquished

Notes
Turn   | Place    | Note
-------+----------+-------------------------------------------
     0 | D:1      | Flugslaktarn the Mummy Fighter began the quest for the Orb.
     0 | D:1      | Reached XP level 1. HP: 18/18 MP: 1/1
   209 | D:1      | Reached XP level 2. HP: 24/24 MP: 2/2
   220 | D:1      | Reached skill level 2 in Axes
   482 | D:1      | Reached XP level 3. HP: 27/29 MP: 3/3
   914 | D:2      | Found a shadowy altar of Dithmenos.
  1350 | D:2      | Found a stormy altar of Qazlal.
  1436 | D:2      | Reached XP level 4. HP: 35/35 MP: 4/4
  1712 | D:3      | Found a glowing golden altar of the Shining One.
  2547 | D:3      | Reached skill level 3 in Axes
  2547 | D:3      | Reached XP level 5. HP: 34/42 MP: 5/5
  3312 | D:4      | Found a runed translucent door.
  3312 | D:4      | Noticed Flugslaktarn's ghost (amateur DDFi)
  3363 | D:4      | Found a burning altar of Makhleb.
  3395 | D:4      | Found a shattered altar of Ashenzari.
  3484 | D:4      | Found a staircase to the Ecumenical Temple.
  3496 | D:4      | You fall into a shaft and drop 3 floors!
  3810 | D:7      | Found an ancient bone altar of Kikubaaqudgha.
  3872 | D:6      | Killed an ogre
  3917 | D:6      | Found Kuosaos's Armour Shop.
  4038 | D:5      | Entered Level 5 of the Dungeon
  4051 | D:6      | Reached XP level 6. HP: 36/48 MP: 6/6
  4407 | Temple   | Entered the Ecumenical Temple
  4846 | D:5      | Found a runed translucent door.
  4877 | D:5      | Reached skill level 4 in Axes
  4919 | D:5      | Reached XP level 7. HP: 29/55 MP: 7/7
  5143 | D:5      | Found a runed translucent door.
  5148 | D:5      | Noticed Amnesiac's ghost (novice DEIE)
  5162 | D:5      | Found a sparkling altar of Nemelex Xobeh.
  5170 | D:5      | Found an opulent altar of Gozag.
  5248 | D:5      | Became a worshipper of Gozag Ym Sagoz the Greedy
  5512 | D:6      | Found a glowing golden altar of the Shining One.
  5512 | D:6      | Noticed Prince Ribbit
  5544 | D:6      | Killed Prince Ribbit
  6044 | D:6      | Reached skill level 5 in Fighting
  6044 | D:6      | Reached skill level 5 in Axes
  6109 | D:6      | Reached XP level 8. HP: 59/62 MP: 8/8
  6252 | D:6      | Found a radiant altar of Vehumet.
  6484 | D:6      | Found a shimmering altar of Xom.
  7441 | D:7      | Reached skill level 6 in Axes
  7913 | D:8      | Noticed a centaur warrior
  7988 | D:7      | Slain by a centaur warrior

Illustrated notes

Levels and vault maps discovered:
D:1:      mainiacjoe_arrival_reflecting_pool, layout_basic
D:2:      layout_loops_ring, grunt_dithmenos_smoke_and_mirrors,
          nicolae_qazlal_general_emergency
D:3:      minmay_chambers_of_threes, layout_loops_corners,
          overflow_temple_1_default, chequers_avenue
D:4:      layout_basic, nicolae_ashenzari_panopticon, kennysheep_mini,
          temple_fountains, gammafunk_ghost_grave, first_ration
D:5:      layout_rooms, nemelex_xobeh_ov_fountains_minmay,
          nicolae_gozag_seed_capital, ebering_ghost_sewer_f
D:6:      kennysheep_spiral_hall, layout_loops_ring, xom_confusion_cloud,
          kennysheep_okawaru_gauntlet, vehumet_statue, serial_shops,
          nicolae_shop_temple_entry_statues_fountains, tso_metal_star,
          uniq_prince_ribbit1
D:7:      layout_loops_cross, grunt_ogre_cave, lemuel_altar_in_water
D:8:      layout_loops_ring, gammafunk_temple_overflow_statue, uniq_psyche
Temple:   nicolae_temple_figure_zero

Skill      XL: |  1  2  3  4  5  6  7  8 |
---------------+-------------------------+-----
Axes           | 2 3 4 5 6 |  6.2
Shields        | 3 4 |  4.9
Armour         | 3 4 |  4.9
Fighting       | 4 5 |  5.9

Action                   |  1- 3 |  4- 6 |  7- 9 || total
-------------------------+-------+-------+-------++-------
Melee: War axe           |   113 |   262 |   239 ||   614
Invok: Potion Petition   |       |       |     2 ||     2
Evoke: Wand              |       |       |     7 ||     7
  Use: Scroll            |       |     7 |     5 ||    12
 Stab: Paralysed         |       |       |    13 ||    13
       Sleeping          |       |       |     3 ||     3
Armor: Scale mail        |    44 |   137 |    16 ||   197
       Plate armour      |       |       |   120 ||   120
Dodge: Dodged            |    41 |   103 |    54 ||   198
Block: Kite shield       |    54 |   166 |   152 ||   372

Table legend:
 A = Non-vault XP
 B = Vault XP
 C = Vault XP percentage of total XP
 D = Non-vault monster count
 E = Vault monster count
 F = Vault count percentage of total count
                 A         B        C        D         E       F
            +---------+---------+-------+---------+---------+-------
      Total |    1991 |     616 |  23.6 |     124 |      18 |  12.7
            +---------+---------+-------+---------+---------+-------
        D:1 |      54 |       0 |   0.0 |      19 |       0 |   0.0
        D:2 |      49 |       0 |   0.0 |      15 |       0 |   0.0
        D:3 |     113 |      51 |  31.1 |      24 |      12 |  33.3
        D:4 |     129 |       0 |   0.0 |      11 |       0 |   0.0
        D:5 |     399 |       0 |   0.0 |      19 |       0 |   0.0
        D:6 |     529 |     444 |  45.6 |      18 |       5 |  21.7
        D:7 |     619 |     121 |  16.4 |      14 |       1 |   6.7
        D:8 |      99 |       0 |   0.0 |       4 |       0 |   0.0
            +---------+---------+-------+---------+---------+-------
